 Dungeon Crawl Stone Soup version 0.24.0-29-g8ce449bc06 (webtiles) character file.

Game seed: 4366570539992488549, levelgen mode: deterministic

79 Anaphory the Digger (level 4, 0/24 HPs)
             Began as a Gargoyle Earth Elementalist on Nov 15, 2019.
             Was an Initiate of Vehumet.
             Slain by a jackal (2 damage)
             ... on level 2 of the Dungeon on Nov 17, 2019.
             The game lasted 00:37:04 (2102 turns).

Anaphory the Digger (Gargoyle Earth Elementalist)   Turns: 2102, Time: 00:37:05

Health: 0/24       AC:  5    Str: 12    XL:     4   Next: 38%
Magic:  8/8        EV: 12    Int: 16    God:    Vehumet [......]
Gold:   207        SH:  0    Dex: 10    Spells: 5/9 levels left

rFire    . . .     SeeInvis .   f - +0 club
rCold    . . .     Gourm    .   (no shield)
rNeg     + . .     Faith    .   c - +0 robe
rPois    ∞         Spirit   .   (no helmet)
rElec    +         Reflect  .   (no cloak)
rCorr    .         Harm     .   (no gloves)
MR       .....                  (no boots)
Stlth    ++........             (no amulet)
HPRegen  0.08/turn              (no ring)
MPRegen  0.11/turn              (no ring)

@: no status effects
A: negative energy resistance 1, electricity resistance, unbreathing,
petrification resistance, rot immunity, AC +3
a: Renounce Religion


You were on level 2 of the Dungeon.
You worshipped Vehumet.
Vehumet was noncommittal.
You were hungry.

You visited 1 branch of the dungeon, and saw 4 of its levels.

You collected 207 gold pieces.

Inventory:

Hand Weapons
 f - a +0 club (weapon)
 i - a +0 short sword
Missiles
 b - 85 stones (quivered)
 p - 13 poisoned darts
Armour
 c - a +0 robe (worn)
 o - a scarf of resistance
Jewellery
 m - an uncursed ring of poison resistance
Wands
 n - a wand of clouds (4)
Scrolls
 a - 2 scrolls of remove curse
 e - 2 scrolls of teleportation {unknown}
 h - 5 scrolls of identify
 k - 2 scrolls of enchant weapon {unknown}
 l - a scroll of noise {unknown}
 r - a scroll of amnesia {unknown}
Potions
 g - 2 potions of degeneration {unknown}
 j - 2 potions of heal wounds {unknown}
 q - a potion of curing {unknown}
 s - a potion of flight {unknown}
 t - a potion of agility {unknown}
Comestibles
 d - 5 rations


   Skills:
 + Level 0.2 Fighting
 - Level 1.5 Dodging
 - Level 2.2 Stealth
 * Level 3.0 Spellcasting
 * Level 0.3 Conjurations
   Level 0.7 Transmutations
 * Level 5.1 Earth Magic


You had 5 spell levels left.
You knew the following spells:

 Your Spells              Type           Power        Failure   Level  Hunger
a - Sandblast             Erth           ###...       2%          1    #......
b - Stone Arrow           Conj/Erth      ##....       19%         3    ###....

Your spell library contained the following spells:

 Spells                   Type           Power        Failure   Level  Hunger
 Passwall                 Tmut/Erth      ##......     9%          2    ##.....
 Petrify                  Tmut/Erth      ##......     50%         4    #####..
 Lee's Rapid Deconstruct  Erth           ###.......   54%         5    ######.


Dungeon Overview and Level Annotations

Branches:
Dungeon (4/15)
 Temple: D:4-7

Altars:
Elyvilon
Nemelex Xobeh
Trog
Vehumet
Zin
The Shining One


Innate Abilities, Weirdness & Mutations

You are resistant to torment.
Your stone body is resilient. (AC +3)
You are immune to poison.
You resist negative energy. (rN+)
You are resistant to electric shocks. (rElec)
You can survive without breathing.
You are immune to petrification.
You are immune to rotting.


Message History

Vehumet accepts your kill. The orc hits you but does no damage.
The jackal completely misses you. The jackal bites you.
The jackal closely misses you. The orc hits you but does no damage.
Your magical contamination has completely faded away.
The jackal misses you. The jackal completely misses you.
There is an escape hatch in the ceiling, spattered with blood here.
Things that are here:
a +0 club; an orc corpse The jackal bites you but does no damage.
The jackal bites you.
* * * LOW HITPOINT WARNING * * *
A mysterious force pulls you upwards. The hatch slams shut behind you.
You closely miss the jackal. The jackal bites you.
* * * LOW HITPOINT WARNING * * *
The jackal misses you. The jackal bites you.
* * * LOW HITPOINT WARNING * * *
The jackal barely misses you.
You hit the jackal but do no damage. The jackal bites you.
You die...

###.# ....# #####
#########
##......#
#.......#
#..####.# #####
#..#....#
#..h#####
#.......#
#.@.....#
#.......#
#.h.###.#
#.......# ##.##
#.#
#.##....########.#
#.#
#.####..)).......#
#.#
#......###########
#.#
######.##..)...>#
#.# # #.##.......#
#.#
######.##...<...#
#.#


You could see 2 jackals.

Vanquished Creatures
  3 adders
  An orc (D:3)
  A giant cockroach (D:1)
  6 hobgoblins
  6 jackals
  8 kobolds
  6 bats
  4 frilled lizards
  8 goblins
  8 rats
51 creatures vanquished.

Notes
Turn   | Place    | Note
-------+----------+-------------------------------------------
     0 | D:1      | Anaphory the Gargoyle Earth Elementalist began the quest
                  | for the Orb.
     0 | D:1      | Reached XP level 1. HP: 10/10 MP: 3/3
   111 | D:1      | Reached skill level 4 in Earth Magic
   115 | D:1      | Reached XP level 2. HP: 8/15 MP: 1/5
   233 | D:1      | Found a glowing golden altar of the Shining One.
   491 | D:1      | Reached XP level 3. HP: 18/19 MP: 6/6
   608 | D:2      | Learned a level 3 spell: Stone Arrow
   858 | D:2      | Found a glowing silver altar of Zin.
  1247 | D:3      | Reached XP level 4. HP: 24/24 MP: 1/8
  1400 | D:3      | Found a glowing golden altar of the Shining One.
  1404 | D:3      | Found a radiant altar of Vehumet.
  1408 | D:3      | Became a worshipper of Vehumet
  1412 | D:3      | Found a bloodstained altar of Trog.
  1700 | D:3      | Found a white marble altar of Elyvilon.
  1717 | D:3      | Reached skill level 5 in Earth Magic
  1890 | D:3      | Found a sparkling altar of Nemelex Xobeh.
  2102 | D:2      | Slain by a jackal

Levels and vault maps discovered:
D:1:      minmay_arrival_stair_chambers, layout_rooms, serial_bayou_pond_e,
          tso_altar
D:2:      layout_loops_cross, zin_statuary, first_ration
D:3:      layout_loops_ring, lemuel_coloured_pillars_altar, elyvilon_altar_5,
          grunt_temple_overflow_diamond
D:4:      layout_layer_cave, kiku_gazebo_garden_becter

Skill      XL: |  1  2  3  4 |
---------------+-------------+-----
Earth Magic    | 4 5 |  5.1
Spellcasting   | 3 |  3.0
Fighting       | |  0.2
Dodging        | |  1.5
Stealth        | |  2.2
Conjurations   | |  0.3
Transmutations | |  0.7

Action                   |  1- 3 |  4- 6 || total
-------------------------+-------+-------++-------
Melee: Unarmed           |     4 |       ||     4
       Club              |    92 |    63 ||   155
 Cast: Sandblast         |    17 |       ||    17
       Stone Arrow       |     8 |       ||     8
  Use: Scroll            |       |     2 ||     2
 Stab: Sleeping          |     1 |     2 ||     3
  Eat: Chunk             |     2 |     3 ||     5
Armor: Robe              |    39 |    28 ||    67
Dodge: Dodged            |    81 |    56 ||   137
